 Dungeon Crawl Stone Soup version 0.23-a0-296-ga3b1b28 (console) character file.

412 Voker57 the Magician (level 6, 0/61 HPs)
             Began as a Demonspawn Venom Mage on Oct 5, 2018.
             Was an Initiate of Vehumet.
             Slain by a goblin
             ... wielding a +0 club
             ... led by Robin
              (1 damage)
             ... on level 4 of the Dungeon.
             The game lasted 00:06:43 (4152 turns).

Voker57 the Magician (Demonspawn Venom Mage)        Turns: 4152, Time: 00:06:43

Health: 0/61       AC:  3    Str: 14    XL:     6   Next: 59%
Magic:  3/12       EV: 19    Int: 18    God:    Vehumet [......]
Gold:   190        SH:  0    Dex: 18    Spells: 7/13 levels left

rFire    . . .     SeeInvis .   d - +0 club
rCold    . . .     Gourm    .   (no shield)
rNeg     . . .     Faith    .   a - +1 robe
rPois    .         Spirit   .   (helmet restricted)
rElec    .         Reflect  .   (no cloak)
rCorr    .         Harm     .   (no gloves)
MR       .....                  (no boots)
Stlth    ..........             (no amulet)
HPRegen  0.20/turn              (no ring)
MPRegen  0.13/turn              (no ring)

@: agile, berserking, lethally poisoned (0 -> -26), flying, very slightly
contaminated, very quick
A: claws 1, hooves 1, horns 1
a: Renounce Religion


You were on level 4 of the Dungeon.
You worshipped Vehumet.
Vehumet was noncommittal.
You were hungry.

You visited 2 branches of the dungeon, and saw 5 of its levels.

You collected 190 gold pieces.

Inventory:

Hand Weapons
 d - a +0 club (weapon)
 m - a -2 flail
Armour
 a - a +1 robe (worn)
Wands
 g - a wand of polymorph (12)
Scrolls
 b - a scroll of blinking
 i - a scroll of teleportation {unknown}
 l - 2 scrolls of identify {unknown}
Potions
 e - a potion of flight
 j - 2 potions of ambrosia {unknown}
 k - 2 potions of curing {unknown}
Comestibles
 c - 5 rations
 n - 2 chunks of flesh


   Skills:
 + Level 4.0 Dodging
 - Level 1.7 Stealth
 + Level 4.1 Spellcasting
 + Level 3.8 Conjurations
 - Level 3.0 Poison Magic


You had 7 spell levels left.
You knew the following spells:

 Your Spells              Type           Power        Failure   Level  Hunger
a - Sting                 Conj/Pois      ###.         3%          1    None
b - Poisonous Vapours     Pois/Air       #.....       12%         2    ##.....
c - Mephitic Cloud        Conj/Pois/Air  ##......     17%         3    ###....

Your spell library contained the following spells:

 Spells                   Type           Power        Failure   Level  Hunger
 Olgreb's Toxic Radiance  Pois           ##......     38%         4    ####...
 Venom Bolt               Conj/Pois      ###.......   69%         5    ######.


Dungeon Overview and Level Annotations

Branches:
Dungeon (4/15)             Temple (1/1) D:4

Altars:
Ashenzari
Cheibriados
Dithmenos
Elyvilon
Fedhas
Gozag
Hepliaklqana
Kikubaaqudgha
Makhleb
Okawaru
Qazlal
Sif Muna
Uskayaw
Vehumet
Yredelemnul
Zin
The Shining One


Innate Abilities, Weirdness & Mutations

You have sharp fingernails.
You have large cloven feet.
You have a pair of small horns on your head.


Message History

Your Dodging skill increases to level 4!
It was a potion of flight.
You feel very buoyant.
You fly up into the air.
* * * LOW HITPOINT WARNING * * *
You feel sick. The goblin misses you. The goblin barely misses you.
It was a potion of agility.
You feel agile all of a sudden.
* * * LOW HITPOINT WARNING * * *
You feel sick. The goblin barely misses you. x2
It was a potion of berserk rage.
A red film seems to cover your vision as you go berserk!
You feel yourself moving faster!
You feel mighty!
* * * LOW HITPOINT WARNING * * *
You feel sick.
The goblin hits you with a dagger of venom.
* * * LOW HITPOINT WARNING * * *
You are more poisoned.
The goblin hits you with a club.
You die...

........###.##.# #.#
......#.##...#.########.#########
#.##.##.##.......................
...#.#.# #...#g########.#########
#.##...# #####...# #.# .......#
###g# #.# ...##### #g# #.# #..#
#####g######.# #..#
######...#g##.....# #g.#
#.O......#@##.##### ..O#
#.####...#g##.# ##g# #.#
##O##.##.# #l# #.# #.##.##.# #.#
#g# #.##)##.# #†####O# #(.(.)((#
#.g....# ####.####
###############.# #........#
#.########


You could see 2 hobgoblins and 3 goblins.

Vanquished Creatures
  An ogre (D:4)
  A scorpion (D:4)
  A howler monkey (D:4)
  2 orc wizards (D:4)
  Terence (D:2)
  A worker ant (D:4)
  Robin (D:4)
  5 adders
  A worm (D:2)
  2 dart slugs
  A leopard gecko (D:4)
  4 orcs
  2 ball pythons
  5 bats
  2 giant cockroaches (D:3)
  13 goblins
  5 hobgoblins
  3 jackals (D:4)
  3 kobolds
  4 frilled lizards
  8 rats
66 creatures vanquished.

Notes
Turn   | Place    | Note
-------+----------+-------------------------------------------
     0 | D:1      | Voker57 the Demonspawn Venom Mage began the quest for the
                  | Orb.
     0 | D:1      | Reached XP level 1. HP: 13/13 MP: 3/3
   169 | D:1      | Gained mutation: You have large cloven feet. [demonic
                  | ancestry]
   169 | D:1      | Reached XP level 2. HP: 19/19 MP: 1/5
  1328 | D:2      | Reached XP level 3. HP: 16/24 MP: 0/6
  1435 | D:2      | Noticed Terence
  1446 | D:2      | Killed Terence
  2147 | D:3      | Reached XP level 4. HP: 30/30 MP: 5/8
  2351 | D:3      | Learned a level 2 spell: Poisonous Vapours
  2355 | D:3      | Learned a level 3 spell: Mephitic Cloud
  3230 | D:4      | Noticed an ogre
  3247 | D:4      | Gained mutation: You have a pair of small horns on your
                  | head. [demonic ancestry]
  3247 | D:4      | Reached XP level 5. HP: 31/35 MP: 2/9
  3529 | D:4      | Found a staircase to the Ecumenical Temple.
  3566 | Temple   | Entered the Ecumenical Temple
  3660 | Temple   | Became a worshipper of Vehumet
  3780 | D:4      | Noticed Robin
  3781 | D:4      | Noticed an ogre
  3783 | D:4      | Noticed a centaur
  3877 | D:4      | Killed an ogre
  3877 | D:4      | Gained mutation: You have sharp fingernails. [demonic
                  | ancestry]
  3877 | D:4      | Reached XP level 6. HP: 32/41 MP: 1/11
  4149 | D:4      | Killed Robin
  4152 | D:4      | HP: 1/61 [goblin/dagger of venom[Robin] (3)]
  4152 | D:4      | Slain by a goblin

Vault maps used:
D:1:      minmay_arrival_three_doors, serial_glass, glass_columns_b,
          glass_columns_b
D:2:      minmay_misc_feat_room, minivault_23, uniq_terence
D:3:      minivault_11
D:4:      minmay_temple_entry_large_hall, first_ration, minmay_misc_feat_rows,
          minmay_vboxes, uniq_robin
Temple:   minmay_crystal_spiral_temple

Skill      XL: |  1  2  3  4  5  6 |
---------------+-------------------+-----
Dodging        | 2 3 4 |  4.0
Conjurations   | 2 3 |  3.8
Spellcasting   | 3 4 |  4.1
Stealth        | |  1.7
Poison Magic   | |  3.0

Action                   |  1- 3 |  4- 6 || total
-------------------------+-------+-------++-------
Melee: Unarmed           |     8 |       ||     8
       Club              |    22 |    37 ||    59
       Kick              |     6 |     5 ||    11
       Headbutt          |       |     2 ||     2
 Cast: Sting             |    63 |    53 ||   116
       Poisonous Vapours |       |    25 ||    25
       Mephitic Cloud    |       |     2 ||     2
  Use: Scroll            |     5 |       ||     5
       Potion            |       |     3 ||     3
  Eat: Chunk             |     3 |     5 ||     8
       Ration            |       |     1 ||     1
Armor: Robe              |    14 |    22 ||    36
Dodge: Dodged            |    50 |    60 ||   110

Table legend:
 A = Non-vault XP
 B = Vault XP
 C = Vault XP percentage of total XP
 D = Non-vault monster count
 E = Vault monster count
 F = Vault count percentage of total count
                 A         B        C        D         E       F
            +---------+---------+-------+---------+---------+-------
      Total |     512 |      77 |  13.1 |      57 |       9 |  13.6
            +---------+---------+-------+---------+---------+-------
        D:1 |      41 |       0 |   0.0 |      25 |       0 |   0.0
        D:2 |      19 |      36 |  65.5 |       3 |       1 |  25.0
        D:3 |      40 |       0 |   0.0 |      14 |       0 |   0.0
        D:4 |     412 |      41 |   9.1 |      15 |       8 |  34.8
            +---------+---------+-------+---------+---------+-------
